Map: Shrines of Lizul

Players

Loken - Winner!

  • Race: Protoss Protoss
  • League: Platinum
  • Spawn Location: 3:00

dallaskuken - Winner!

  • Race: Protoss Protoss
  • League: Platinum
  • Spawn Location: 12:00

Volwerine

  • Race: Zerg Zerg
  • Spawn Location: 6:00

Abwehr

  • Race: Protoss Protoss
  • League: Gold
  • Spawn Location: 9:00

VOD

Have the link to the VOD?

Description

Time

  • Played on: April 6, 2017, 6:25 a.m.
  • Length: 5:55
Show
View Real Time Build Order
Export as new Build Order

Loken Protoss - Winner!

Build Orders:  

Get SALT Encoding   

  12  0:01  Probe (Chrono Boost)  
  13  0:12  Probe (Chrono Boost)  
  14  0:22  Pylon  
  14  0:26  Probe (Chrono Boost)  
  15  0:40  Probe (Chrono Boost)  
  16  0:43  Gateway  
  16  0:58  Gateway  
  16  1:08  Probe (Chrono Boost)  
  17  1:13  Assimilator  
  17  1:18  Probe (Chrono Boost)  
  18  1:29  Probe (Chrono Boost)  
  19  1:36  Cybernetics Core, Zealot  
  19  1:39  Probe (Chrono Boost)  
  22  1:45  Assimilator  
  22  1:50  Pylon, Probe (Chrono Boost)  
  23  1:59  Pylon  
  23  2:09  Probe (Chrono Boost)  
  24  2:18  Stalker x2  
  28  2:31  Probe (Chrono Boost)  
  28  2:32  Warp Gate  
  29  2:42  Probe (Chrono Boost)  
  30  2:49  Stalker, Pylon  
  32  2:54  Stalker  
  34  3:12  Probe (Chrono Boost)  
  35  3:18  Stargate  
  35  3:22  Stalker  
  37  3:36  Stalker  
  39  4:17  Void Ray  
  39  4:22  Pylon  
  43  4:24  Pylon  
  43  4:26  Probe (Chrono Boost)  
  44  4:56  Stalker  
  44  4:57  Stalker  
  52  5:36  Stalker  
  52  5:37  Stalker  
Show
View Real Time Build Order
Export as new Build Order

dallaskuken Protoss - Winner!

Build Orders:  

Get SALT Encoding   

  12  0:01  Probe (Chrono Boost)  
  13  0:11  Probe (Chrono Boost)  
  14  0:22  Pylon  
  14  0:23  Probe (Chrono Boost)  
  15  0:40  Probe (Chrono Boost)  
  16  0:51  Probe (Chrono Boost)  
  16  0:56  Gateway  
  16  0:57  Gateway  
  16  1:01  Probe (Chrono Boost)  
  17  1:13  Probe (Chrono Boost)  
  17  1:15  Assimilator  
  18  1:31  Pylon  
  18  1:32  Probe (Chrono Boost)  
  19  1:48  Cybernetics Core  
  19  1:51  Zealot  
  22  1:54  Probe (Chrono Boost)  
  22  1:56  Assimilator  
  22  2:04  Probe (Chrono Boost)  
  23  2:13  Warp Gate  
  23  2:15  Probe (Chrono Boost)  
  24  2:24  Stalker  
  24  2:25  Stalker  
  24  2:26  Probe (Chrono Boost)  
  29  2:39  Probe (Chrono Boost)  
  30  2:54  Probe (Chrono Boost)  
  31  2:58  Pylon  
  31  3:16  Stalker x2  
  31  3:39  Mothership Core (Chrono Boost)  
  28  4:26  Gateway  
  28  4:31  Gateway  
  28  4:35  Probe (Chrono Boost)  
  29  4:45  Stalker  
  29  4:46  Stalker  
  29  4:47  Probe (Chrono Boost)  
  34  5:02  Robotics Facility  
  34  5:34  Stargate  
  34  5:40  Pylon  
  34  5:45  Stalker  
Show
View Real Time Build Order
Export as new Build Order

Volwerine Zerg 

Build Orders: Pool First 

Get SALT Encoding   

  12  0:02  Drone  
  13  0:08  Drone  
  14  0:19  Overlord  
  14  0:30  Drone, Extractor  
  14  0:43  Spawning Pool  
  14  0:45  Drone  
  14  0:49  Drone  
  15  0:57  Drone  
  15  0:58  Drone  
  17  1:08  Extractor  
  17  1:09  Drone  
  17  1:19  Drone  
  18  1:32  Drone  
  19  1:34  Metabolic Boost  
  20  1:40  Zergling x2  
  20  1:52  Zergling x2  
  21  2:02  Overlord  
  21  2:11  Zergling x2  
  21  2:12  Hatchery  
  21  2:19  Baneling Nest  
  21  2:22  Spore Crawler  
  19  2:31  Zergling x2  
  20  2:50  Zergling x4  
  22  2:58  Zergling x2  
  23  3:05  Overlord  
  16  4:19  Drone x3  
  16  4:22  Drone x3  
  23  4:31  Zergling x2  
  6  5:00  Zergling x4  
  5  5:08  Zergling x6  
  5  5:12  Drone  
  9  5:17  Zergling x2  
Show
View Real Time Build Order
Export as new Build Order

Abwehr Protoss 

Build Orders:  

Get SALT Encoding   

  12  0:03  Probe (Chrono Boost)  
  13  0:13  Probe (Chrono Boost)  
  14  0:19  Pylon  
  14  0:31  Probe (Chrono Boost)  
  15  0:39  Gateway  
  15  1:01  Probe (Chrono Boost)  
  17  1:11  Probe (Chrono Boost)  
  17  1:31  Cybernetics Core  
  17  1:39  Pylon  
  17  1:40  Assimilator  
  17  1:41  Probe (Chrono Boost)  
  17  1:45  Assimilator  
  18  1:52  Probe (Chrono Boost)  
  19  2:02  Probe (Chrono Boost)  
  20  2:13  Probe (Chrono Boost)  
  21  2:24  Probe (Chrono Boost)  
  22  2:34  Mothership Core (Chrono Boost)  
  24  2:53  Probe (Chrono Boost)  
  24  2:56  Forge  
  24  2:58  Pylon  
  25  3:03  Probe (Chrono Boost)  
  26  3:05  Stalker  
  28  3:18  Robotics Facility  
  28  3:24  Pylon  
  28  3:33  Stalker  
  28  3:37  Photon Cannon  
  28  3:40  Photon Cannon  
  30  3:57  Pylon  
  30  4:02  Immortal  
  34  4:15  Robotics Facility  
  34  4:17  Nexus  
  30  5:04  Immortal  
  30  5:09  Immortal  
Tags
 
Add a new tag
Caveats
  • Supply blocks, unpowered buildings, or Contaminate may cause inaccurate times.
  • Supply counts are checked every 10 seconds.